 Dungeon Crawl Stone Soup version 0.23-a0-395-gcf17ac6 (webtiles) character file.

28 Azzok the Firebug (level 3, 24/24 HPs)
             Began as a Demonspawn Fire Elementalist on Nov 1, 2018.
             Quit the game on level 1 of the Dungeon.
             The game lasted 00:01:48 (1092 turns).

Azzok the Firebug (Demonspawn Fire Elementalist)    Turns: 1092, Time: 00:01:48

Health: 24/24      AC:  4    Str:  8    XL:     3   Next: 0%
Magic:  6/6        EV: 12    Int: 17    God:
Gold:   28         SH:  0    Dex: 13    Spells: 5/6 levels left

rFire    . . .     SeeInvis .   f - +0 short sword
rCold    . . .     Gourm    .   (no shield)
rNeg     . . .     Faith    .   a - +0 robe
rPois    .         Spirit   .   (no helmet)
rElec    .         Reflect  .   (no cloak)
rCorr    .         Harm     .   (no gloves)
MR       .....                  (no boots)
Stlth    ++........             (no amulet)
HPRegen  0.08/turn              (no ring)
MPRegen  0.10/turn              (no ring)

@: no status effects
A: slimy green scales 1, rot immunity
a: no special abilities


You were on level 1 of the Dungeon.
You were not hungry.

You visited 1 branch of the dungeon, and saw 1 of its levels.

You collected 28 gold pieces.

Inventory:

Hand Weapons
 f - a +0 short sword (weapon)
Armour
 a - a +0 robe (worn)
Scrolls
 b - a scroll of amnesia {unknown}
 d - a scroll of remove curse {unknown}
 h - a scroll of immolation {unknown}
 i - a scroll of enchant weapon {unknown}
 j - a scroll of teleportation {unknown}
Potions
 e - 2 potions of magic {unknown}
 k - a potion of might {unknown}
Comestibles
 c - 4 rations
 g - 5 chunks of flesh


   Skills:
 - Level 1.7 Dodging
 - Level 1.7 Stealth
 - Level 2.0 Spellcasting
 + Level 2.1 Conjurations
 + Level 3.3 Fire Magic


You had 5 spell levels left.
You knew the following spells:

 Your Spells              Type           Power        Failure   Level  Hunger
a - Flame Tongue          Conj/Fire      ##...        6%          1    #......

Your spell library contained the following spells:

 Spells                   Type           Power        Failure   Level  Hunger
 Throw Flame              Conj/Fire      ##....       10%         2    ###....
 Conjure Flame            Conj/Fire      ##......     19%         3    ###....
 Inner Flame              Hex/Fire       #.......     30%         3    ###....
 Sticky Flame             Conj/Fire      ##......     52%         4    #####..
 Fireball                 Conj/Fire      ##........   86%         5    ######.


Dungeon Overview and Level Annotations

Branches:
Dungeon (1/15)

Altars:


Innate Abilities, Weirdness & Mutations

You are partially covered in slimy green scales. (AC +2)
You are immune to rotting.


Message History

A giant cockroach is nearby!
A giant cockroach is nearby!
A giant cockroach is nearby!
Casting: Flame Tongue (safe; 7% risk of failure)
Confirm with . or Enter, or press ? or * to list all spells.
You can't see any susceptible monsters within range! (Use Z to cast anyway.)
Casting: Flame Tongue (safe; 7% risk of failure)
Confirm with . or Enter, or press ? or * to list all spells.
Aiming: Flame Tongue (safe; 7% risk of failure)
Press: ? - help, Shift-Dir - straight line, f - giant cockroach
Aim: a giant cockroach (clinging)
The flame tongue hits the giant cockroach.
You kill the giant cockroach!
You have reached level 3!
Your experience leads to an increase in your attributes!
Increase (S)trength, (I)ntelligence, or (D)exterity?
You feel clever.
Your demonic ancestry asserts itself...
You feel immune to rotting.
A hobgoblin comes into view. It is wielding a +0 club.
Are you sure you want to abandon this character and quit the game? (Confirm

▒▒▒ · ▒···· ··▒ ·▒▒····▒
▒·▒ ▒▒ ·▒·· ▒·▒ ▒·▒ ···
···· ▒·▒ ▒·▒ ···g ···▒ ▒·▒
▒·▒ ····· ·▒·▒
▒·▒▒▒▒·▒▒▒▒▒▒······
·▒·▒▒▒··▒▒······@·······
··············▒▒▒▒······
·▒··········▒··▒▒ ·····
·▒·········▒≈▒···· ·····
▒▒········▒≈≈≈▒·········
▒▒···▒▒▒▒▒▒▒≈▒▒▒▒▒▒▒····▒▒
▒····▒≈≈▒·······▒≈≈▒·····▒
·····▒≈▒·········▒≈▒··▒▒·▒
·▒···▒▒···········▒▒··▒▒·▒


You could see a hobgoblin (sleeping).

Vanquished Creatures
  2 dart slugs (D:1)
  3 bats (D:1)
  2 giant cockroaches (D:1)
  A goblin (D:1)
  3 hobgoblins (D:1)
  3 jackals (D:1)
  2 frilled lizards (D:1)
  3 kobolds (D:1)
  4 rats (D:1)
23 creatures vanquished.

Notes
Turn   | Place    | Note
-------+----------+-------------------------------------------
     0 | D:1      | Azzok the Demonspawn Fire Elementalist began the quest for
                  | the Orb.
     0 | D:1      | Reached XP level 1. HP: 13/13 MP: 3/3
   281 | D:1      | Reached skill level 3 in Fire Magic
   281 | D:1      | Gained mutation: You are partially covered in slimy green
                  | scales. (AC +2) [demonic ancestry]
   281 | D:1      | Reached XP level 2. HP: 16/19 MP: 0/5
  1068 | D:1      | Gained mutation: You are immune to rotting. [demonic
                  | ancestry]
  1068 | D:1      | Reached XP level 3. HP: 24/24 MP: 4/6
  1092 | D:1      | Quit the game

Vault maps used:
D:1:      psy_arrival_dodecagon

Skill      XL: |  1  2 |
---------------+-------+-----
Fire Magic     | 3 |  3.3
Conjurations   | 2 |  2.1
Dodging        | |  1.7
Stealth        | |  1.7
Spellcasting   | |  2.0

Action                   || total
-------------------------++-------
Melee: Unarmed           ||    26
       Short sword       ||     3
 Cast: Flame Tongue      ||    42
  Eat: Chunk             ||     1
Armor: Robe              ||    16
Dodge: Dodged            ||    50

Table legend:
 A = Non-vault XP
 B = Vault XP
 C = Vault XP percentage of total XP
 D = Non-vault monster count
 E = Vault monster count
 F = Vault count percentage of total count
                 A         B        C        D         E       F
            +---------+---------+-------+---------+---------+-------
      Total |      41 |       0 |   0.0 |      23 |       0 |   0.0
            +---------+---------+-------+---------+---------+-------
        D:1 |      41 |       0 |   0.0 |      23 |       0 |   0.0
            +---------+---------+-------+---------+---------+-------
